 Dungeon Crawl Stone Soup version 0.31.0-11-ge490571c62 (webtiles) character file.

Game seed: 6745162330152754180

1448 SnakkuSnakku7 the Martial Artist (level 8, -1/60 HPs)
             Began as a Merfolk Air Elementalist on Jan 31, 2024.
             Slain by a steam dragon (3 damage)
             ... on level 6 of the Dungeon.
             The game lasted 00:07:31 (6121 turns).

SnakkuSnakku7 the Martial Artist (MfAE)             Turns: 6121, Time: 00:07:31

Health: -1/60      AC:  9    Str: 10    XL:     8   Next: 75%
Magic:  11/11      EV: 11    Int: 14    God:
Gold:   165        SH:  0    Dex: 15    Spells: 10/11 levels left

rFire   . .          .
                       - Unarmed
rCold   . . .        (no shield)
rNeg    . . .        k - +0 ring mail
rPois   .            t - +2 hat
rElec   .            (no cloak)
rCorr   .            g - +0 pair of gloves
SInv    .            u - +0 pair of boots
Will    .....        (no amulet)
Stlth   +            (no ring)
HPRegen 0.30/turn    (no ring)
MPRegen 0.12/turn

%: no passive effects
@: no status effects
A: (nimble swimmer 2), mertail
a: no special abilities


You were on level 6 of the Dungeon.
You visited 1 branch of the dungeon, and saw 6 of its levels.

You collected 220 gold pieces.
You spent 55 gold pieces at shops.

Inventory:

Missiles
 e - 6 poisoned darts (quivered)
Armour
 a - a +0 robe
 f - a +0 helmet
 g - a +0 pair of gloves (worn)
 k - a +0 ring mail (worn)
 t - a +2 hat (worn)
 u - a +0 pair of boots (worn)
Scrolls
 c - a scroll of fear {unknown}
 d - a scroll of enchant weapon {unknown}
 j - a scroll of vulnerability {unknown}
 m - a scroll of fog
 n - a scroll of torment
 o - a scroll of amnesia {unknown}
 q - 2 scrolls of enchant armour {unknown}
 r - 3 scrolls of teleportation {unknown}
Potions
 b - 2 potions of magic
 h - 2 potions of curing
 i - 4 potions of brilliance
 l - 2 potions of heal wounds
 p - a potion of resistance {unknown}
 s - a potion of enlightenment {unknown}
 v - a potion of attraction {unknown}


   Skills:
 - Level 4.0 Fighting
 - Level 2.6 Dodging
 - Level 2.1 Stealth
 + Level 10.6 Unarmed Combat
 - Level 2.0 Spellcasting
 - Level 0.7 Conjurations
 - Level 2.4 Air Magic


You had 10 spell levels left.
You knew the following spells:

 Your Spells              Type           Power      Damage    Failure   Level
a - Shock                 Conj/Air       20%        1d4       32%         1

Your spell library contained the following spells:

 Spells                   Type           Power      Damage    Failure   Level
 Static Discharge         Conj/Air       10%        3-4/arc   45%         2
 Kiss of Death            Conj/Necr      8%         2d6       47%         1
 Sting                    Conj/Alch      8%         1d3       47%         1
 Apportation              Tloc           2%         N/A       52%         1
 Necrotise                Necr           4%         1d4       52%         1
 Summon Small Mammal      Summ           4%         N/A       52%         1
 Swiftness                Air            8%         N/A       56%         3
 Sublimation of Blood     Necr           1%         N/A       67%         2
 Airstrike                Air            4%         2d(1-17)  93%         4
 Summon Lightning Spire   Summ/Air       4%         N/A       98%         4
 Petrify                  Alch/Erth      1%         N/A       99%         4
 Irradiate                Conj/Alch      1%         3d12      100%        5


Dungeon Overview and Level Annotations

Branches:
Dungeon (6/15)
 Temple: D:4-7

Altars:
Dithmenos
Elyvilon
Qazlal
Ru

Shops:
D:2 *

Annotations:
D:5 3 runed translucent doors, wildpjah's ghost, novice GrEE


Innate Abilities, Weirdness & Mutations

((You are very nimble when in or above water. (Stealth+, EV+, Speed+++)))
Your lower body shifts to a powerful aquatic tail in water.


Message History

You closely miss the steam dragon.
The steam dragon is moderately wounded.
The steam dragon completely misses you.
The steam dragon claws you but does no damage.
You punch the steam dragon!
The steam dragon is severely wounded.
The steam dragon bites you but does no damage.
The steam dragon claws you but does no damage.
You closely miss the steam dragon.
The steam dragon is severely wounded.
The steam dragon barely misses you.
The steam dragon claws you but does no damage.
You barely miss the steam dragon. You punch the steam dragon.
The steam dragon is almost dead.
The steam dragon breathes steam at you. The ball of steam hits you!
* * * LOW HITPOINT WARNING * * *
You hear a shout!
You closely miss the steam dragon.
The steam dragon is almost dead.
You are engulfed in a cloud of scalding steam.
* * * LOW HITPOINT WARNING * * *
You closely miss the steam dragon.
The steam dragon is almost dead.
You are engulfed in a cloud of scalding steam.
* * * LOW HITPOINT WARNING * * *
The steam dragon bites you.
* * * LOW HITPOINT WARNING * * *
The steam dragon claws you but does no damage.
You hit the steam dragon but do no damage.
The steam dragon is almost dead.
The steam dragon bites you!
* * * LOW HITPOINT WARNING * * *
The steam dragon claws you but does no damage.
Unknown command.
You hit the steam dragon but do no damage.
The steam dragon is almost dead.
The steam dragon bites you but does no damage.
The steam dragon claws you.
You die...

.##.###.#
#...........#
.##.....#
##.#...#######
.########..........#
.# #########.#####
## ..#.....# #
#.#####.# # #.# #.#
# #D# #.# # #@# #.#
# #§#####.# #
#§§.....# #
######### # # ##
.####### .##....#


You could see a steam dragon.

Vanquished Creatures
  2 black bears
  An ice beast (D:6)
  An ogre (D:5)
  A centaur (D:5)
  A phantom (D:4)
  2 scorpions
  5 bombardier beetles
  5 hounds
  A gnoll bouda (D:4)
  2 sleepcaps (D:5)
  5 iguanas
  An orc wizard (D:4)
  8 adders
  5 gnolls
  4 ufetubi (D:6)
  2 ribbon worms (D:2)
  4 dart slugs
  6 orcs
  14 ball pythons
  6 bats
  5 endoplasms
  17 giant cockroaches
  8 goblins
  10 hobgoblins
  2 jackals (D:1)
  3 quokkas
  5 frilled lizards
  7 kobolds
  7 rats
140 creatures vanquished.

Notes
Turn   | Place    | Note
-------+----------+-------------------------------------------
     0 | D:1      | SnakkuSnakku7 the Merfolk Air Elementalist began the quest
                  | for the Orb.
     0 | D:1      | Reached XP level 1. HP: 13/13 MP: 3/3
    24 | D:1      | Found a faded altar of an unknown god.
    42 | D:1      | Got Plato's Omnibus of Kinetic Energy and the Crypt
   105 | D:1      | Reached skill level 1 in Fighting
   105 | D:1      | Reached skill level 1 in Unarmed Combat
   181 | D:1      | Reached XP level 2. HP: 21/21 MP: 5/5
   393 | D:1      | Reached XP level 3. HP: 26/27 MP: 6/6
   451 | D:1      | Reached skill level 2 in Unarmed Combat
  1030 | D:2      | Reached XP level 4. HP: 33/34 MP: 7/7
  1538 | D:2      | Reached skill level 3 in Unarmed Combat
  1600 | D:2      | Found Ecij's General Store.
  1610 | D:2      | Bought a potion of heal wounds for 55 gold pieces
  2050 | D:3      | Reached XP level 5. HP: 33/41 MP: 8/8
  2653 | D:3      | Reached skill level 4 in Unarmed Combat
  2653 | D:3      | Reached XP level 6. HP: 15/48 MP: 9/9
  3154 | D:4      | Reached skill level 5 in Unarmed Combat
  3383 | D:4      | Found a stormy altar of Qazlal.
  3441 | D:4      | Found a sacrificial altar of Ru.
  3730 | D:4      | Noticed a black bear
  3743 | D:4      | Killed a black bear
  3744 | D:4      | Reached skill level 6 in Unarmed Combat
  3744 | D:4      | Reached XP level 7. HP: 27/54 MP: 10/10
  3930 | D:5      | Entered Level 5 of the Dungeon
  4281 | D:4      | Reached skill level 7 in Unarmed Combat
  4540 | D:5      | Reached skill level 8 in Unarmed Combat
  4793 | D:5      | Reached XP level 8. HP: 57/60 MP: 11/11
  4799 | D:5      | Reached skill level 9 in Unarmed Combat
  4842 | D:5      | Found a runed translucent gate.
  4844 | D:5      | Found a runed translucent gate.
  4844 | D:5      | Identified the +0 chain mail of Dramatic Exits {+Blink}
  4845 | D:5      | Found a runed translucent gate.
  4851 | D:5      | Noticed wildpjah's ghost (novice GrEE)
  5125 | D:5      | Found a shadowy altar of Dithmenos.
  5172 | D:5      | Identified the +5 great mace "Hydraslayer" {pain, rF+ Str+4
                  | Stlth-}
  5393 | D:6      | Reached skill level 10 in Unarmed Combat
  5771 | D:6      | Found a white marble altar of Elyvilon.
  6120 | D:6      | HP: 2/60 [steam dragon (7)]
  6121 | D:6      | Slain by a steam dragon

Illustrated notes

Levels and vault maps discovered:
D:1:      dpeg_arrival_shelter, layout_basic,
          shapermc_ecumenical_altar_rom_forum
D:2:      minmay_chambers_of_twos, layout_loops_ring, serial_shops,
          nicolae_lakefront_shop
D:3:      minmay_roachtagon, layout_loops_corners, kennysheep_big_empty_room
D:4:      layout_gridville, general_overflow_altar, mainiacjoe_overflow_alcove_1
D:5:      layout_loops_ring, mainiacjoe_overflow_small_starburst,
          biasface_ghost_orc_armoury, st_stairs_11
D:6:      layout_basic, elyvilon_altar_5, nicolae_zig_zag_zippers

Skill      XL: |  1  2  3  4  5  6  7  8 |
---------------+-------------------------+-----
Fighting       | 1 2 3 4 |  4.0
Unarmed Combat | 1 2 3 4 6 8 10 | 10.6
Dodging        | |  2.6
Stealth        | |  2.1
Spellcasting   | |  2.0
Conjurations   | |  0.7
Air Magic      | |  2.4

Action                     |  1- 3 |  4- 6 |  7- 9 || total
---------------------------+-------+-------+-------++-------
  Melee: Unarmed           |   157 |   320 |   209 ||   686
         Punch             |     1 |    10 |    17 ||    28
         Tailslap          |       |       |     2 ||     2
  Throw: Dart              |       |       |    15 ||    15
   Cast: Shock             |    14 |       |       ||    14
    Use: Scroll            |     1 |     4 |       ||     5
         Potion            |       |     1 |     3 ||     4
   Stab: Sleeping          |     5 |     3 |     2 ||    10
 Armour: Robe              |    92 |    25 |       ||   117
         Ring mail         |       |   165 |   192 ||   357
         Skin              |       |       |    12 ||    12
  Dodge: Dodged            |   125 |   174 |   139 ||   438
